 Dungeon Sprint DCSS version 0.17-a0-1719-g1afd5a1 (webtiles) character file.

110283 Kidiri the Imperceptible (level 15, -8/63 HPs)
             Began as a Spriggan Enchanter on Aug 27, 2015.
             Was the Champion of Dithmenos.
             Killed by divine providence
             ... invoked by a sphinx
              (13 damage)
             ... in the Dungeon (Sprint III: "The Ten Rune Challenge").
             The game lasted 00:44:25 (8095 turns).

Kidiri the Imperceptible (Spriggan Enchanter)       Turns: 8095, Time: 00:44:25

Health: -8/63      AC:  5    Str:  2    XL:     15   Next: 29%
Magic:  28/50      EV: 43    Int: 24    God:    Dithmenos [******]
Gold:   1395       SH:  0    Dex: 25    Spells: 10 memorised, 29 levels left

rFire  x . .     SeeInvis +     y - +4 rapier "Conservator" {speed, *Drain rPois Int+4 Dex+2}
rCold  x . .     Clarity  .     m - +1 robe {rN+}
rNeg   + . .     SustAt   +     (shield restricted)
rPois  +         Gourm    .     u - +2 hat
rElec  +         Spirit   .     (no cloak)
rCorr  +         Warding  .     (gloves unavailable)
rMut   .         NoTele   +     (boots unavailable)
MR     ++++.                    w - amulet "Teapoadd" {rCorr rElec rPois rC-}
Stlth  ++++++++++               x - ring "Gidocec" {MR+ Str-2 Dex+3 Stlth+}
                                l - ring "Newkaf" {SustAt +Fly rPois rF- MP+9}

@: wreathed by umbra, very quick, incredibly resistant to hostile enchantments,
uncannily stealthy
A: unfitting armour, antennae 1, see invisible, herbivore 3, speed 3, magic
resistance 1, slow metabolism 2
a: Shadow Step, Shadow Form, Renounce Religion, Evoke Flight
}: 2/10 runes: decaying, barnacled


You were in the Dungeon.
You worshipped Dithmenos.
Dithmenos was exalted by your worship.
You were full.

You visited 1 branch You collected 2832 gold pieces.
You spent 1437 gold pieces at shops.

Inventory:

Hand weapons
 y - the +4 rapier "Conservator" (weapon) {speed, *Drain rPois Int+4 Dex+2}
   (You found it in the Dungeon)

   Attacks with this weapon are significantly faster.
   It affects your intelligence (+4).
   It affects your dexterity (+2).
   It protects you from poison.
   It causes draining when unequipped.
Missiles
 n - 10 throwing nets (quivered)
Armour
 m - a +1 robe of positive energy (worn)
 u - a +2 hat (worn)
Jewellery
 l - the ring "Newkaf" (left hand) {SustAt +Fly rPois rF- MP+9}
   (You bought it in a shop in the Dungeon)

   [ring of sustain attributes]

   It sustains your strength, intelligence and dexterity.
   It makes you vulnerable to fire.
   It protects you from poison.
   It affects your magic capacity (+9).
   It lets you fly.
 w - the amulet "Teapoadd" (around neck) {rCorr rElec rPois rC-}
   (You bought it in a shop in the Dungeon)

   [amulet of resist corrosion]

   It protects you from acid and corrosion.
   It makes you vulnerable to cold.
   It insulates you from electricity.
   It protects you from poison.
 x - the ring "Gidocec" (right hand) {MR+ Str-2 Dex+3 Stlth+}
   (You bought it in a shop in the Dungeon)

   [ring of stealth]

   It affects your strength (-2).
   It affects your dexterity (+3).
   It affects your resistance to hostile enchantments.
   It makes you more stealthy.
Magical devices
 v - a wand of enslavement (16)
Scrolls
 j - a scroll of blinking
 o - 2 scrolls of remove curse
 q - a scroll of random uselessness {unknown}
 z - 2 scrolls of magic mapping {unknown}
 B - a scroll of recharging {unknown}
Potions
 c - 2 potions of cure mutation
 d - 2 potions of agility
 e - a potion of cancellation
 f - 2 potions of degeneration {unknown}
 g - a potion of haste
 h - 3 potions of magic
 i - a potion of berserk rage
 k - a potion of brilliance
 r - a potion of invisibility
 s - 2 potions of flight {unknown}
 t - a potion of curing
Comestibles
 a - 4 fruits
 b - a bread ration
 p - 29 royal jellies


   Skills:
 + Level 15.1 Short Blades
 * Level 24.8 Dodging
 * Level 26.7 Stealth
 * Level 21.7 Spellcasting
 + Level 11.0 Conjurations
 + Level 16.6 Hexes
 + Level 17.6 Translocations
 + Level 12.0 Ice Magic
 - Level 4.6 Invocations


You had 29 spell levels left.
You knew the following spells:

 Your Spells              Type           Power        Failure   Level  Hunger
a - Corona                Hex            #######      0%          1    None
b - Ensorcelled Hibernat  Hex/Ice        ######       0%          2    None
c - Confuse               Hex            #######.     0%          3    None
d - Tukima's Dance        Hex            #######.     0%          3    None
e - Dazzling Spray        Conj/Hex       #######.     0%          3    None
f - Apportation           Tloc           #######...   0%          1    None
g - Invisibility          Hex            #######.     1%          6    ##.....
h - Slow                  Hex            #######.     0%          2    None
i - Cause Fear            Hex            #######...   0%          4    None
j - Gell's Gravitas       Hex/Tloc       #######...   0%          3    None


Dungeon Overview and Level Annotations

Branches:
Dungeon (1/1)

Altars:
Cheibriados
Dithmenos
Elyvilon
Fedhas
Gozag
Kikubaaqudgha
Makhleb
Nemelex Xobeh
Okawaru
Qazlal
Ru
Sif Muna
Trog
Vehumet
Xom
Yredelemnul
Zin
The Shining One
Jiyva
Lugonu

Shops:
D (=!?=}(}(?%=!=:[([!


Innate Abilities, Weirdness & Mutations

You are tiny and cannot use many weapons and most armour.
You have supernaturally acute eyesight.
You are a herbivore.
You cover ground extremely quickly.
You need consume almost no food.
You have a pair of small antennae on your head.
You are resistant to hostile enchantments.


Message History

The sphinx is lightly wounded.
The sphinx completely misses you. The sphinx misses you.
The sphinx completely misses you.
Unknown command.
Casting: Dazzling Spray
Confirm with . or Enter, or press ? or * to list all spells.
Aiming: Dazzling Spray
Press: ? - help, Shift-Dir - straight line, f/p - soul eater
Aim: a soul eater (black smoke, moderately wounded, blind, summoned, umbra)
The spray of energy hits the guardian mummy.
The guardian mummy is lightly damaged.
Your shadow mimicks your spell!
The shadow shard hits the guardian mummy.
The sphinx hits you! The sphinx misses you. The sphinx misses you.
The guardian mummy hits you!
* * * LOW HITPOINT WARNING * * *
You hear a loud "Zot"!
The sphinx casts a spell.
Something smites you!
You die...

...§.#.∩∩∩∩.#)....#.#..'......#
..§..#......#.#.#.+.#..#.....^#
...§§###++###..#..#.#..#...^.^#
.....#.♣..♣.#)....###########+#
####.#......#################.#
#........#)#)#§#)#§#)#[#.#.#
............#+#+#+#+#+#+#+#+#+#
............#§H§^^...^.^......#
#############3M§@.^.^...^^...^#
#H#+#+#+#+#+#+#+#+#
#§#)#)#.#)#)#.#(#[#
{▓M▓▓▓▓▓▓▓▓▓▓▓▓▓▓▓▓▓ {▓3.#
{▓H(# ▓.(#{ ▓MH# ▓M^#


You could see a sphinx and a guardian mummy.

Vanquished Creatures
  the Lernaean hydra (D)
  Norris (D)
  Sigmund (D)
  5 bone dragons (D)
  A lich (D)
  Rupert (D)
  A kraken (D)
  Gastronok (D)
  Chuck (D)
  2 shadow dragons (D)
  Maud (D)
  2 vampire knights (D)
  2 dire elephants (D)
  A fire dragon (D)
  A yaktaur captain (D)
  An entropy weaver (shapeshifter) (D)
  3 hydras (D)
  A great orb of eyes (shapeshifter) (D)
  An anaconda (shapeshifter) (D)
  An ogre mage (D)
  2 alligator snapping turtles (D)
  Erolcha (D)
  4 death yaks (D)
  A centaur warrior (D)
  4 dancing weapons (D)
  3 orc high priests (D)
  2 skeletal warriors (D)
  A death drake (D)
  A deep elf knight (D)
  A spriggan druid (D)
  2 deep elf summoners (D)
  2 obsidian statues (D)
  7 swamp dragons (D)
  An anubis guard (shapeshifter) (D)
  A hill giant (shapeshifter) (D)
  A lindwurm (D)
  A water nymph (shapeshifter) (D)
  A wolf spider (shapeshifter) (D)
  3 ugly things (D)
  2 elephants (D)
  2 spiny frogs (D)
  An octopode (shapeshifter) (D)
  2 black mambas (D)
  Edmund (D)
  A komodo dragon (D)
  A fire drake (D)
  2 deep elf priests (D)
  2 guardian mummies (D)
  3 wandering mushrooms (D)
  A queen bee (D)
  4 spriggan defenders (D)
  8 blink frogs (D)
  4 snapping turtles (D)
  3 slime creatures (D)
  2 spriggans (D)
  4 redbacks (D)
  A shadow (D)
  2 trapdoor spiders (D)
  2 hill giants (D)
  A spatial vortex (D)
  3 swamp drakes (D)
  2 orc warriors (D)
  A necrophage (D)
  2 brain worms (D)
  3 two-headed ogres (D)
  A water elemental (D)
  32 killer bees (D)
  An electric eel (D)
  7 orc priests (D)
  A jelly (D)
  Jessica (D)
  A wizard (D)
  4 necromancers (D)
  A wolf (D)
  A kobold demonologist (D)
  3 humans (D)
  2 oozes (D)
  10 orcs (D)
  A bat zombie (D)
  A giant cockroach simulacrum (D)
  A rat (D)
  7 bushes (D)
  A butterfly (D)
  3 fungi (D)
  13 plants (D)
220 creatures vanquished.

Vanquished Creatures (collateral kills)
  A vampire knight (D)
  A necromancer (D)
2 creatures vanquished.

Vanquished Creatures (others)
  2 draconian scorchers (D)
  A deep elf knight (D)
  3 yaktaurs (D)
  A bush (D)
  A fungus (D)
  A plant (D)
9 creatures vanquished.

Grand Total: 231 creatures vanquished

Notes
Turn   | Place    | Note
--------------------------------------------------------------
     0 | D        | Kidiri the Spriggan Enchanter began the quest for the Orb.
     0 | D        | Reached XP level 1. HP: 9/9 MP: 5/5
     9 | D        | Reached skill level 5 in Stealth
    17 | D        | Reached XP level 2. HP: 10/13 MP: 5/7
    21 | D        | Learned a level 2 spell: Ensorcelled Hibernation
    31 | D        | Killed a yaktaur
    95 | D        | Noticed Jessica
   100 | D        | Killed Jessica
   100 | D        | Reached skill level 5 in Dodging
   100 | D        | Reached skill level 6 in Stealth
   100 | D        | Reached skill level 1 in Ice Magic
   100 | D        | Reached XP level 3. HP: 16/16 MP: 7/9
   106 | D        | Learned a level 3 spell: Confuse
   110 | D        | Learned a level 3 spell: Tukima's Dance
   127 | D        | Noticed a wolf
   143 | D        | Killed a wolf
   143 | D        | Reached skill level 7 in Stealth
   155 | D        | Reached skill level 5 in Spellcasting
   155 | D        | Reached XP level 4. HP: 21/21 MP: 2/12
   160 | D        | Learned a level 3 spell: Dazzling Spray
   167 | D        | Killed a white draconian scorcher
   169 | D        | Killed a white draconian scorcher
   261 | D        | Gained mutation: You have large cloven feet. [potion of mutation]
   261 | D        | Gained mutation: You are dopey. (Int -2) [potion of mutation]
   261 | D        | Gained mutation: Your spells are a little easier to cast, but a little less powerful. [potion of mutation]
   262 | D        | Gained mutation: You tend to lose your temper in combat. [potion of mutation]
   262 | D        | Gained mutation: You are robust (+10% HP). [potion of mutation]
   263 | D        | Lost mutation: You tend to lose your temper in combat. [potion of cure mutation]
   263 | D        | Lost mutation: You are dopey. (Int -2) [potion of cure mutation]
   263 | D        | Lost mutation: You have large cloven feet. [potion of cure mutation]
   263 | D        | Lost mutation: Your spells are a little easier to cast, but a little less powerful. [potion of cure mutation]
   263 | D        | Lost mutation: You are robust (+10% HP). [potion of cure mutation]
   298 | D        | Noticed a water elemental
   300 | D        | Killed a water elemental
   300 | D        | Reached skill level 8 in Stealth
   300 | D        | Reached skill level 1 in Conjurations
   300 | D        | Reached skill level 5 in Hexes
   300 | D        | Reached XP level 5. HP: 24/24 MP: 12/14
   318 | D        | Noticed a jelly
   319 | D        | Noticed a shadow
   338 | D        | Killed a shadow
   338 | D        | Reached skill level 10 in Stealth
   338 | D        | Reached XP level 6. HP: 22/28 MP: 0/17
   399 | D        | Killed a jelly
   531 | D        | Found a stormy altar of Qazlal.
   531 | D        | Noticed a spatial vortex
   532 | D        | Found a sacrificial altar of Ru.
   532 | D        | Found a burning altar of Makhleb.
   532 | D        | Found a viscous altar of Jiyva.
   532 | D        | Found a shimmering altar of Xom.
   532 | D        | Found a shadowy altar of Dithmenos.
   532 | D        | Found a sparkling altar of Nemelex Xobeh.
   532 | D        | Found a corrupted altar of Lugonu.
   532 | D        | Found an opulent altar of Gozag.
   536 | D        | Became a worshipper of Dithmenos the Shadowed
   552 | D        | Killed a spatial vortex
   552 | D        | Reached skill level 5 in Short Blades
   552 | D        | Reached skill level 1 in Invocations
   670 | D        | Found a radiant altar of Vehumet.
   671 | D        | Found a deep blue altar of Sif Muna.
   671 | D        | Found an ancient bone altar of Kikubaaqudgha.
   671 | D        | Noticed a wizard
   672 | D        | Killed a wizard
   672 | D        | Reached skill level 11 in Stealth
   691 | D        | Learned a level 1 spell: Apportation
   698 | D        | Learned a level 6 spell: Invisibility
   712 | D        | Found a glowing silver altar of Zin.
   713 | D        | Found a glowing golden altar of the Shining One.
   713 | D        | Found a white marble altar of Elyvilon.
   713 | D        | Noticed a deep elf priest
   715 | D        | Killed a deep elf priest
   715 | D        | Reached skill level 10 in Dodging
   715 | D        | Reached XP level 7. HP: 32/32 MP: 18/20
   731 | D        | Found an iron altar of Okawaru.
   732 | D        | Found a bloodstained altar of Trog.
   732 | D        | Noticed a human
   732 | D        | Noticed a human
   738 | D        | Killed a human
   738 | D        | Reached skill level 12 in Stealth
   739 | D        | Killed a human
   751 | D        | Learned a level 2 spell: Slow
   756 | D        | Learned a level 4 spell: Cause Fear
   795 | D        | Found a snail-covered altar of Cheibriados.
   795 | D        | Noticed a necrophage
   796 | D        | Found a basalt altar of Yredelemnul.
   796 | D        | Found a blossoming altar of Fedhas.
   796 | D        | Noticed a necromancer
   797 | D        | Killed a necrophage
   797 | D        | Acquired Dithmenos's first power
   797 | D        | Reached skill level 1 in Translocations
   797 | D        | Reached XP level 8. HP: 36/36 MP: 22/22
   798 | D        | Killed a necromancer
   818 | D        | Noticed a two-headed ogre
   818 | D        | Noticed a two-headed ogre
   822 | D        | Killed a two-headed ogre
   824 | D        | Killed a two-headed ogre
   824 | D        | Reached skill level 10 in Spellcasting
   828 | D        | Noticed a two-headed ogre
   829 | D        | Killed a two-headed ogre
   829 | D        | Acquired Dithmenos's second power
   829 | D        | Reached skill level 13 in Stealth
   861 | D        | Noticed a hill giant
   864 | D        | Killed a hill giant
   869 | D        | Noticed a hill giant
   869 | D        | Noticed Erolcha
   871 | D        | Killed Erolcha
   871 | D        | Reached XP level 9. HP: 39/39 MP: 24/24
   872 | D        | Killed a hill giant
   872 | D        | Reached skill level 14 in Stealth
   872 | D        | Reached skill level 5 in Ice Magic
   881 | D        | Learned a level 3 spell: Gell's Gravitas
   883 | D        | Noticed a redback
   889 | D        | Killed a redback
   903 | D        | Noticed a trapdoor spider
   904 | D        | Killed a trapdoor spider
   904 | D        | Acquired Dithmenos's third power
   904 | D        | Reached skill level 5 in Translocations
   952 | D        | Noticed a trapdoor spider
   955 | D        | Killed a trapdoor spider
   983 | D        | Noticed a killer bee
   983 | D        | Noticed a killer bee
   983 | D        | Noticed a killer bee
   984 | D        | Noticed a killer bee
   984 | D        | Noticed a killer bee
   984 | D        | Noticed a killer bee
   984 | D        | Noticed a killer bee
   984 | D        | Noticed a killer bee
   984 | D        | Noticed a killer bee
   984 | D        | Noticed a killer bee
   984 | D        | Noticed a killer bee
   984 | D        | Noticed a killer bee
   984 | D        | Noticed a killer bee
   984 | D        | Noticed a killer bee
   984 | D        | Noticed a queen bee
   984 | D        | Noticed a killer bee
   984 | D        | Noticed a killer bee
   984 | D        | Noticed a killer bee
   984 | D        | Noticed a killer bee
   984 | D        | Noticed a killer bee
   984 | D        | Noticed a killer bee
   984 | D        | Noticed a killer bee
   984 | D        | Noticed a killer bee
   984 | D        | Noticed a killer bee
   984 | D        | Noticed a killer bee
   984 | D        | Noticed a killer bee
   984 | D        | Noticed a killer bee
   984 | D        | Noticed a killer bee
   984 | D        | Noticed a killer bee
   984 | D        | Noticed a killer bee
   984 | D        | Noticed a killer bee
   984 | D        | Noticed a killer bee
   984 | D        | Noticed a killer bee
   989 | D        | Killed a killer bee
   991 | D        | Killed a killer bee
   995 | D        | Killed a killer bee
   997 | D        | Killed a killer bee
   999 | D        | Killed a killer bee
   999 | D        | Acquired Dithmenos's fourth power
  1001 | D        | Killed a killer bee
  1003 | D        | Killed a killer bee
  1005 | D        | Killed a killer bee
  1008 | D        | Killed a killer bee
  1147 | D        | Killed a killer bee
  1151 | D        | Killed a killer bee
  1153 | D        | Killed a killer bee
  1155 | D        | Killed a killer bee
  1157 | D        | Killed a killer bee
  1159 | D        | Killed a killer bee
  1159 | D        | Reached skill level 15 in Stealth
  1163 | D        | Killed a killer bee
  1165 | D        | Killed a killer bee
  1185 | D        | Killed a killer bee
  1188 | D        | Killed a killer bee
  1199 | D        | Killed a killer bee
  1453 | D        | Killed a killer bee
  1457 | D        | Killed a killer bee
  1471 | D        | Killed a killer bee
  1480 | D        | Killed a killer bee
  1663 | D        | Killed a killer bee
  1674 | D        | Killed a killer bee
  1676 | D        | Killed a killer bee
  1686 | D        | Killed a killer bee
  1693 | D        | Killed a killer bee
  1706 | D        | Killed a killer bee
  1706 | D        | Reached XP level 10. HP: 36/44 MP: 18/27
  1711 | D        | Killed a killer bee
  1711 | D        | Reached skill level 5 in Conjurations
  1715 | D        | Killed a killer bee
  1722 | D        | Killed a queen bee
  1969 | D        | Noticed a wandering mushroom
  1970 | D        | Noticed a wandering mushroom
  1970 | D        | Noticed a wandering mushroom
  1977 | D        | Killed a wandering mushroom
  2038 | D        | Killed a wandering mushroom
  2038 | D        | Reached skill level 16 in Stealth
  2047 | D        | Killed a wandering mushroom
  2253 | D        | Noticed a spiny frog
  2253 | D        | Noticed a komodo dragon
  2253 | D        | Noticed a spiny frog
  2256 | D        | Killed a spiny frog
  2256 | D        | Reached skill level 10 in Hexes
  2261 | D        | Killed a spiny frog
  2273 | D        | Killed a komodo dragon
  2273 | D        | Reached skill level 15 in Dodging
  2458 | D        | Noticed a redback
  2462 | D        | Killed a redback
  2466 | D        | Noticed a brain worm
  2471 | D        | Killed a brain worm
  2494 | D        | Noticed a brain worm
  2496 | D        | Killed a brain worm
  2502 | D        | Noticed a lindwurm
  2504 | D        | Noticed a redback
  2505 | D        | Killed a lindwurm
  2507 | D        | Killed a redback
  2507 | D        | Reached skill level 17 in Stealth
  2513 | D        | Noticed a redback
  2514 | D        | Killed a redback
  2515 | D        | Noticed Maud
  2517 | D        | Killed Maud
  2517 | D        | Reached XP level 11. HP: 47/47 MP: 29/29
  2525 | D        | Noticed an electric eel
  2526 | D        | Noticed a six-headed hydra
  2526 | D        | Noticed a seven-headed hydra
  2528 | D        | Killed an electric eel
  2672 | D        | Killed a six-headed hydra
  2685 | D        | Killed a seven-headed hydra
  2878 | D        | Noticed a death drake
  2881 | D        | Killed a death drake
  2881 | D        | Reached skill level 18 in Stealth
  2892 | D        | Found a blossoming altar of Fedhas.
  2892 | D        | Noticed a spriggan
  2892 | D        | Noticed a spriggan druid
  2892 | D        | Noticed a spriggan
  2894 | D        | Killed a spriggan druid
  2895 | D        | Killed a spriggan
  2896 | D        | Killed a spriggan
  2896 | D        | Reached skill level 10 in Translocations
  2936 | D        | Noticed a kraken
  2939 | D        | Noticed a snapping turtle
  2944 | D        | Noticed a snapping turtle
  2949 | D        | Noticed an alligator snapping turtle
  2949 | D        | Noticed an alligator snapping turtle
  2958 | D        | Killed a kraken
  2958 | D        | Reached skill level 10 in Short Blades
  2959 | D        | Noticed a snapping turtle
  3057 | D        | Killed a snapping turtle
  3076 | D        | Killed an alligator snapping turtle
  3076 | D        | Reached skill level 15 in Spellcasting
  3126 | D        | Killed an alligator snapping turtle
  3126 | D        | Reached skill level 19 in Stealth
  3128 | D        | Killed a snapping turtle
  3247 | D        | Found Rinan's Magic Scroll Emporium.
  3247 | D        | Found Tooc's Jewellery Shop.
  3247 | D        | Found Qiuzebar's Antique Weapon Boutique.
  3247 | D        | Noticed a snapping turtle
  3253 | D        | Killed a snapping turtle
  3260 | D        | Killed a snapping turtle
  3263 | D        | Got a barnacled rune of Zot
  3434 | D        | Noticed a swamp drake
  3434 | D        | Noticed a fire drake
  3435 | D        | Killed a fire drake
  3437 | D        | Killed a swamp drake
  3447 | D        | Noticed a blink frog
  3447 | D        | Noticed a blink frog
  3448 | D        | Noticed a blink frog
  3448 | D        | Noticed a blink frog
  3448 | D        | Noticed a blink frog
  3449 | D        | Killed a blink frog
  3453 | D        | Killed a blink frog
  3459 | D        | Killed a blink frog
  3459 | D        | Reached XP level 12. HP: 51/51 MP: 11/32
  3460 | D        | Killed a blink frog
  3466 | D        | Killed a blink frog
  3579 | D        | Noticed Rupert
  3581 | D        | Killed Rupert
  3603 | D        | Noticed a death yak
  3604 | D        | Noticed a death yak
  3604 | D        | Noticed a blink frog
  3605 | D        | Noticed an azure jelly
  3605 | D        | Noticed a death yak
  3605 | D        | Noticed an azure jelly
  3605 | D        | Noticed a blink frog
  3605 | D        | Noticed a death yak
  3606 | D        | Killed a death yak
  3606 | D        | Reached skill level 20 in Stealth
  3607 | D        | Killed a blink frog
  3608 | D        | Killed a death yak
  3609 | D        | Noticed a blink frog
  3609 | D        | Noticed a black mamba
  3610 | D        | Killed a death yak
  3611 | D        | Noticed a black mamba
  3615 | D        | Killed a blink frog
  3618 | D        | Killed a death yak
  3620 | D        | Killed a blink frog
  3623 | D        | Killed a black mamba
  3624 | D        | Killed a black mamba
  3640 | D        | Noticed an azure jelly
  3640 | D        | Noticed an azure jelly
  3764 | D        | Noticed a swamp drake
  3766 | D        | Killed a swamp drake
  3769 | D        | Noticed a swamp dragon
  3769 | D        | Noticed a swamp drake
  3770 | D        | Noticed a swamp dragon
  3770 | D        | Noticed a swamp dragon
  3770 | D        | Found Dusiar's Antique Weapon Shoppe.
  3771 | D        | Killed a swamp dragon
  3773 | D        | Killed a swamp drake
  3774 | D        | Noticed a swamp dragon
  3774 | D        | Found Quuvoutu's Jewellery Boutique.
  3774 | D        | Found Ricreaf's Distillery.
  3776 | D        | Killed a swamp dragon
  3777 | D        | Killed a swamp dragon
  3779 | D        | Killed a swamp dragon
  3780 | D        | Noticed a swamp dragon
  3805 | D        | Noticed a swamp dragon
  3806 | D        | Killed a swamp dragon
  3809 | D        | Killed a swamp dragon
  3809 | D        | Reached skill level 21 in Stealth
  3993 | D        | Noticed a six-headed hydra
  3993 | D        | Noticed the 27-headed Lernaean hydra
  3993 | D        | Noticed a swamp dragon
  3995 | D        | Killed the 27-headed Lernaean hydra
  3995 | D        | Reached XP level 13. HP: 55/55 MP: 24/35
  3997 | D        | Killed a six-headed hydra
  3999 | D        | Killed a swamp dragon
  4007 | D        | Got a decaying rune of Zot
  4065 | D        | Noticed an elephant
  4065 | D        | Noticed an elephant
  4065 | D        | Noticed a dire elephant
  4065 | D        | Noticed a dire elephant
  4065 | D        | Noticed Gastronok
  4067 | D        | Killed Gastronok
  4068 | D        | Killed a dire elephant
  4068 | D        | Reached skill level 22 in Stealth
  4070 | D        | Killed a dire elephant
  4073 | D        | Killed an elephant
  4081 | D        | Killed an elephant
  4157 | D        | Noticed Sigmund
  4157 | D        | Noticed Edmund
  4159 | D        | Killed Sigmund
  4161 | D        | Killed Edmund
  4196 | D        | Found Xoxeal's Gadget Emporium.
  4196 | D        | Noticed an orc priest
  4196 | D        | Noticed an orc warrior
  4196 | D        | Noticed an orc warrior
  4196 | D        | Noticed an orc priest
  4196 | D        | Noticed an orc priest
  4196 | D        | Noticed an orc priest
  4196 | D        | Noticed an orc priest
  4196 | D        | Noticed an orc high priest
  4198 | D        | Killed an orc priest
  4199 | D        | Killed an orc priest
  4199 | D        | Killed an orc priest
  4205 | D        | Killed an orc priest
  4206 | D        | Killed an orc high priest
  4208 | D        | Killed an orc priest
  4210 | D        | Killed an orc warrior
  4214 | D        | Killed an orc warrior
  4338 | D        | Killed a yaktaur
  4448 | D        | Bought a scroll of identify for 26 gold pieces
  4448 | D        | Bought a scroll of enchant armour for 97 gold pieces
  4448 | D        | Bought a scroll of enchant weapon for 97 gold pieces
  4448 | D        | Bought a scroll of identify for 26 gold pieces
  4448 | D        | Bought a scroll of identify for 26 gold pieces
  4557 | D        | Noticed a deep elf summoner
  4557 | D        | Noticed a deep elf summoner
  4557 | D        | Noticed a deep elf knight
  4557 | D        | Noticed a deep elf knight
  4557 | D        | Noticed a deep elf priest
  4567 | D        | Killed a deep elf summoner
  4574 | D        | Killed a deep elf knight
  4574 | D        | Reached skill level 10 in Ice Magic
  4576 | D        | Killed a deep elf priest
  4577 | D        | Killed a deep elf knight
  4577 | D        | Killed a deep elf summoner
  4631 | D        | Noticed a deep elf demonologist
  4725 | D        | Noticed an orc high priest
  4725 | D        | Noticed an orc high priest
  4726 | D        | Noticed an orc priest
  4726 | D        | Noticed an orc priest
  4729 | D        | Killed an orc priest
  4732 | D        | Killed an orc high priest
  4732 | D        | Reached skill level 23 in Stealth
  4733 | D        | Killed an orc priest
  4735 | D        | Killed an orc high priest
  4865 | D        | Noticed a spriggan defender
  4866 | D        | Noticed a spriggan defender
  4866 | D        | Noticed a spriggan defender
  4866 | D        | Noticed a spriggan defender
  4867 | D        | Killed a spriggan defender
  4868 | D        | Killed a spriggan defender
  4870 | D        | Killed a spriggan defender
  4871 | D        | Killed a spriggan defender
  4987 | D        | Noticed an anubis guard
  4990 | D        | Killed an anubis guard
  5009 | D        | Noticed a slime creature
  5012 | D        | Killed a slime creature
  5031 | D        | Noticed a great orb of eyes
  5032 | D        | Noticed a centaur warrior
  5033 | D        | Noticed an anaconda
  5036 | D        | Killed a centaur warrior
  5043 | D        | Killed a great orb of eyes
  5045 | D        | Killed an anaconda
  5055 | D        | Noticed a water nymph
  5057 | D        | Killed a water nymph
  5067 | D        | Noticed a fire dragon
  5069 | D        | Killed a fire dragon
  5090 | D        | Noticed a dire flail of draining
  5090 | D        | Noticed a trident of freezing
  5091 | D        | Noticed a war axe of electrocution
  5092 | D        | Noticed a short sword of venom
  5093 | D        | Killed a war axe of electrocution
  5093 | D        | Reached XP level 14. HP: 59/59 MP: 38/38
  5095 | D        | Killed a short sword of venom
  5098 | D        | Killed a trident of freezing
  5098 | D        | Reached skill level 15 in Translocations
  5100 | D        | Killed a dire flail of draining
  5107 | D        | Got an ichor-stained rapier
  5107 | D        | Got a polished rapier
  5109 | D        | Identified the +0 rapier of Jianetuc {pierce, Stlth+} (You found it in the Dungeon)
  5110 | D        | Identified the +4 rapier "Conservator" {speed, *Drain rPois Int+4 Dex+2} (You found it in the Dungeon)
  5133 | D        | Noticed a purple ugly thing
  5133 | D        | Noticed a shining eye
  5133 | D        | Noticed an elephant
  5133 | D        | Noticed a moth of wrath
  5176 | D        | Noticed an obsidian statue
  5195 | D        | Killed an obsidian statue
  5405 | D        | Found Juriluk's Distillery.
  5405 | D        | Found Ottixt's Book Shop.
  5405 | D        | Found Pyonnuru's Food Boutique.
  5405 | D        | Found Gynewu's Distillery.
  5405 | D        | Found Juwnaohy's Jewellery Boutique.
  5405 | D        | Found Coumeam's Jewellery Emporium.
  5405 | D        | Found Hodaadeg's Magic Scroll Shoppe.
  5405 | D        | Found Otuotuk's Armour Shop.
  5405 | D        | Found Ottixt's Antique Weapon Shop.
  5405 | D        | Found Quohum's Antique Weapon Emporium.
  5405 | D        | Found Xanlan's Gadget Emporium.
  5405 | D        | Found Namezeps's Antique Armour Boutique.
  5443 | D        | Bought a scroll of remove curse for 39 gold pieces
  5443 | D        | Bought a scroll of identify for 26 gold pieces
  5457 | D        | Bought the ring "Newkaf" {SustAt +Fly rPois rF- MP+9} for 309 gold pieces
  5457 | D        | Bought the amulet "Teapoadd" {rCorr rElec rPois rC-} for 405 gold pieces
  5577 | D        | Bought the ring "Gidocec" {MR+ Str-2 Dex+3 Stlth+} for 386 gold pieces
  5992 | D        | Noticed a yaktaur captain
  5995 | D        | Gained mutation: You have a pair of small antennae on your head. [a shining eye]
  5996 | D        | an elephant changed into a shining eye
  5997 | D        | Gained mutation: You are resistant to hostile enchantments. [a shining eye]
  6005 | D        | a moth of wrath changed into a boulder beetle
  6018 | D        | Killed a purple ugly thing
  6038 | D        | Killed a yaktaur captain
  6038 | D        | Reached skill level 24 in Stealth
  6544 | D        | Noticed Chuck
  6558 | D        | Killed Chuck
  6717 | D        | Noticed a slime creature
  6718 | D        | Noticed Norris
  6719 | D        | Killed a slime creature
  6721 | D        | Killed Norris
  6721 | D        | Reached skill level 15 in Hexes
  6729 | D        | Killed a yaktaur
  6741 | D        | Noticed an eye of devastation
  6741 | D        | an eye of devastation changed into a wolf spider
  6749 | D        | Noticed a purple ugly thing
  6750 | D        | Killed a purple ugly thing
  6839 | D        | Noticed a lich
  6841 | D        | Killed a lich
  6841 | D        | Reached skill level 10 in Conjurations
  6851 | D        | Noticed an ogre mage
  6851 | D        | Noticed a shadow dragon
  6851 | D        | Noticed a slime creature
  6853 | D        | Killed a slime creature
  6854 | D        | Noticed a shadow dragon
  6857 | D        | Killed a shadow dragon
  6857 | D        | Reached skill level 25 in Stealth
  6858 | D        | Killed a shadow dragon
  6859 | D        | Killed an ogre mage
  7056 | D        | Noticed an obsidian statue
  7056 | D        | Noticed a red ugly thing
  7061 | D        | Killed a red ugly thing
  7100 | D        | Killed an obsidian statue
  7108 | D        | Noticed a fire giant
  7108 | D        | Noticed a vault guard
  7108 | D        | Noticed a vault guard
  7240 | D        | Noticed a necromancer
  7242 | D        | Killed a necromancer
  7268 | D        | Noticed a bone dragon
  7270 | D        | Killed a bone dragon
  7278 | D        | Noticed a bone dragon
  7280 | D        | Killed a bone dragon
  7287 | D        | Noticed a guardian mummy
  7289 | D        | Killed a guardian mummy
  7494 | D        | Noticed a skeletal warrior
  7496 | D        | Killed a skeletal warrior
  7502 | D        | Noticed a skeletal warrior
  7504 | D        | Killed a skeletal warrior
  7511 | D        | Noticed a vampire knight
  7522 | D        | Killed a vampire knight
  7869 | D        | Noticed a necromancer
  7871 | D        | Killed a necromancer
  7879 | D        | Noticed a bone dragon
  7881 | D        | Killed a bone dragon
  7881 | D        | Reached skill level 26 in Stealth
  7881 | D        | Reached XP level 15. HP: 63/63 MP: 41/41
  7887 | D        | Noticed a vampire knight
  7891 | D        | Killed a vampire knight
  7986 | D        | Noticed a necromancer
  7988 | D        | Killed a necromancer
  7995 | D        | Noticed a necromancer
  8009 | D        | Killed a necromancer
  8029 | D        | Noticed a vampire knight
  8037 | D        | Killed a vampire knight
  8057 | D        | Noticed a bone dragon
  8059 | D        | Killed a bone dragon
  8059 | D        | Reached skill level 15 in Short Blades
  8063 | D        | Noticed a bone dragon
  8065 | D        | Killed a bone dragon
  8070 | D        | Noticed a guardian mummy
  8071 | D        | Noticed a sphinx
  8071 | D        | Noticed a sphinx
  8071 | D        | Noticed a guardian mummy
  8071 | D        | Noticed a guardian mummy
  8072 | D        | Killed a guardian mummy
  8095 | D        | Killed from afar by a sphinx

Vault maps used:
D:        dungeon_sprint_mu

Action                   |  1- 3 |  4- 6 |  7- 9 | 10-12 | 13-15 || total
-------------------------+-------+-------+-------+-------+-------++-------
Melee: Dagger            |    19 |    18 |    98 |   167 |   113 ||   415
       Rapier            |       |       |       |       |   742 ||   742
 Cast: Ensorcelled Hiber |     4 |     3 |    47 |    41 |     9 ||   104
       Dazzling Spray    |       |    11 |     4 |    27 |    55 ||    97
       Invisibility      |       |       |       |     5 |     5 ||    10
       Confuse           |       |       |       |     1 |     3 ||     4
       Gell's Gravitas   |       |       |       |       |     7 ||     7
       Cause Fear        |       |       |       |       |     1 ||     1
       Apportation       |       |       |       |       |     8 ||     8
       Tukima's Dance    |       |       |       |       |     5 ||     5
Invok: Shadow Step       |       |       |     1 |    15 |    12 ||    28
  Use: Potion            |       |     3 |     3 |       |       ||     6
       Scroll            |       |     3 |       |       |     6 ||     9
 Stab: Sleeping          |     4 |     5 |    33 |    47 |    49 ||   138
       Invisible         |       |       |     4 |     5 |     8 ||    17
       Confused          |       |       |       |     1 |       ||     1
       Distracted        |       |       |       |       |     3 ||     3
  Eat: Bread ration      |       |       |       |     1 |     1 ||     2
       Fruit             |       |       |       |       |     4 ||     4
